 Dungeon Sprint DCSS version 0.20.1-1-g8b1a95d (console) character file.

135 bli the Fighter (level 5, 0/52 HPs)
             Began as a Formicid Abyssal Knight on Aug 15, 2017.
             Was a Priest of Lugonu.
             Slain by Prince Ribbit (18 damage)
             ... in the Dungeon (Sprint VII: "The Pits").
             The game lasted 00:03:25 (588 turns).

bli the Fighter (Formicid Abyssal Knight)            Turns: 588, Time: 00:03:26

Health: 0/52       AC:  3    Str: 17    XL:     5   Next: 42%
Magic:  7/7        EV: 11    Int: 11    God:    Lugonu [***...]
Gold:   0          SH:  0    Dex: 11    Spells: 4/4 levels left

rFire    . . .     SeeInvis +   r - +2 long sword (flame)
rCold    . . .     Gourm    .   (no shield)
rNeg     . . .     Faith    .   b - +0 leather armour
rPois    .         Spirit   .   (helmet unavailable)
rElec    .         Reflect  .   (no cloak)
rCorr    .         Harm     .   (no gloves)
MR       .....                  (no boots)
Stlth    +.........             (no amulet)
Regen    0.2/turn               (no ring)
MPRegen  0.1/turn               (no ring)

@: lethally poisoned (0 -> -7)
A: permanent stasis, dig shafts and tunnels, four strong arms, antennae 3
a: Dig, Bend Space, Banish, Renounce Religion


You were in the Dungeon.
You worshipped Lugonu.
Lugonu was most pleased with you.
You were not hungry.

You visited 1 branch

Inventory:

Hand Weapons
 a - a +1 falchion
 j - a +2 falchion
 r - a +2 long sword of flaming (weapon)
Armour
 b - a +0 leather armour (worn)
 s - a +3 chain mail
Scrolls
 i - a scroll of blinking
 l - 3 scrolls of remove curse
 m - 5 scrolls of amnesia
 n - a scroll of summoning
 q - 2 scrolls of vulnerability
Potions
 d - 6 potions of curing
 e - 6 potions of heal wounds
 f - a potion of haste
 g - 4 potions of magic
 h - 3 potions of berserk rage
 k - 2 potions of invisibility
Comestibles
 c - 8 bread rations
 o - 40 fruits
 p - 7 meat rations


   Skills:
 * Level 9.4 Fighting
 * Level 4.3 Long Blades
 + Level 4.0 Armour
 + Level 1.4 Dodging
 + Level 0.3 Stealth
 + Level 3.4 Invocations


You had 4 spell levels left.
You didn't know any spells.

Dungeon Overview and Level Annotations

Branches:
Dungeon (1/1)

Altars:

Annotations:
D Jessica, Prince Ribbit


Innate Abilities, Weirdness & Mutations

You cannot be hasted, slowed, berserked, paralysed or teleported.
You can dig through walls and to a lower floor.
Your four strong arms can wield two-handed weapons with a shield.
You have a pair of large antennae on your head. (SInv)


Message History

The water moccasin is heavily wounded.
The water moccasin bites you.
The water moccasin bites you but does no damage.
You closely miss the water moccasin.
The water moccasin is heavily wounded.
Prince Ribbit lets out a mournful croak.
The water moccasin barely misses you.
You riposte.
You barely miss the water moccasin.
The water moccasin is heavily wounded.
Prince Ribbit blinks!
The water moccasin closely misses you.
You hit the water moccasin. You burn the water moccasin.
The water moccasin is almost dead.
The water moccasin closely misses you.
The orc wizard casts a spell.
The orc wizard flickers and vanishes for a moment.
You slash Prince Ribbit! You burn Prince Ribbit.
Prince Ribbit is moderately wounded.
The water moccasin bites you.
You are poisoned.
The water moccasin poisons you! Prince Ribbit hits you!!
You die...

#..(.')))'.##.....
##########.##.....
#...........'.....
#'#####'#####.....
#.#..#.)#..##.....
#.#.)+..'..#####'#
#.##'####'###.....
#.#........##.....
#.#........##.....
#F#####'#####...<.
#@#...)))..##.....
#S#..[).)..##.....
#F###########.....
#oo# {{ ######
#.e.. { ##.#.# { {
o..F. .#.#@# { {
..o ..# .# # .+


You could see a deep elf mage, Prince Ribbit, a water moccasin, a bullfrog, 2
orc wizards and an orc.

Vanquished Creatures
  A floating eye (D)
  A gnoll (D)
  An adder (D)
  An ooze (D)
  An adder skeleton (D)
  A ball python (D)
  A goblin (D)
  2 hobgoblins (D)
  A quokka (D)
10 creatures vanquished.

Notes
Turn   | Place    | Note
-------+----------+-------------------------------------------
     0 | D        | bli the Formicid Abyssal Knight began the quest for the Orb.
     0 | D        | Reached XP level 1. HP: 18/18 MP: 2/2
    48 | D        | Reached ** piety under Lugonu
    48 | D        | Reached skill level 4 in Fighting
    53 | D        | Noticed a floating eye
    56 | D        | Killed a floating eye
    56 | D        | Reached skill level 8 in Fighting
    56 | D        | Reached skill level 1 in Dodging
    56 | D        | Reached XP level 2. HP: 32/33 MP: 2/4
    56 | D        | Reached XP level 3. HP: 36/38 MP: 2/5
    56 | D        | Reached XP level 4. HP: 43/45 MP: 2/6
    56 | D        | Reached XP level 5. HP: 49/51 MP: 2/7
    66 | D        | Reached skill level 9 in Fighting
    71 | D        | Reached *** piety under Lugonu
   579 | D        | Noticed a water moccasin
   580 | D        | Noticed a bullfrog
   581 | D        | Noticed Jessica
   581 | D        | Noticed a deep elf mage
   584 | D        | Noticed Prince Ribbit
   588 | D        | Slain by Prince Ribbit

Skill      XL: |  1  2  3  4  5 |
---------------+----------------+-----
Fighting       | 8 9 |  9.4
Long Blades    | 4 |  4.3
Armour         | 3 4 |  4.0
Dodging        | 1 |  1.4
Invocations    | 3 |  3.4
Stealth        | |  0.3

Action                   |  1- 3 |  4- 6 || total
-------------------------+-------+-------++-------
Melee: Falchion          |     9 |    23 ||    32
       Long sword        |       |     6 ||     6
Armor: Leather armour    |       |    13 ||    13
Dodge: Dodged            |     3 |    24 ||    27
       Rpst.: Falchion   |     1 |     3 ||     4
       Long sword        |       |     1 ||     1
